 Dungeon Crawl Stone Soup version 0.31-a0-705-ga145531891 (webtiles) character file.

Game seed: 856292712953288287

46 qw the Shooter (level 3, 0/22 HPs)
             Began as a Gargoyle Hunter on Sept 9, 2023.
             Slain by Robin
             ... wielding a +7 club
              (6 damage)
             ... on level 3 of the Dungeon.
             The game lasted 00:00:27 (1082 turns).

qw the Shooter (Gargoyle Hunter)                    Turns: 1082, Time: 00:00:28

Health: 0/22       AC:  9    Str: 13 (14) XL:     3   Next: 66%
Magic:  3/3        EV: 11    Int:  8 (9)  God:
Gold:   170        SH:  0    Dex: 19 (21) Spells: 2/2 levels left

rFire   . . .        Y - +0 shortbow
rCold   . . .        (shield currently unavailable)
rNeg    + . .        j - +0 ring mail
rPois   inf          k - +0 helmet
rElec   +            (no cloak)
rCorr   .            (no gloves)
SInv    .            (no boots)
Will    .....        (no amulet)
Stlth   +            l - +6 ring of dexterity
HPRegen 0.23/turn    (no ring)
MPRegen 0.08/turn

%: no passive effects
@: no status effects
A: sickness immunity, AC +3, negative energy resistance 1, electricity
resistance, torment resistance 1, petrification resistance
a: no special abilities


You were on level 3 of the Dungeon.
You visited 1 branch of the dungeon, and saw 3 of its levels.

You collected 170 gold pieces.


Innate Abilities, Weirdness & Mutations

You are immune to sickness and miasma.
Your stone body is resilient. (AC +3)
You are immune to poison.
You resist negative energy. (rN+)
You are resistant to electric shocks. (rElec)
You are resistant to unholy torment.
You are immune to petrification.


   Skills:
 + Level 2.3 Fighting
 - Level 5.0 Ranged Weapons
 - Level 1.2 Armour
 - Level 1.5 Dodging
 - Level 1.1 Stealth


You had 2 spell levels left.
You didn't know any spells.
Your spell library was empty.

Inventory:

Hand Weapons
 Y - a +0 shortbow (weapon)
Armour
 j - a +0 ring mail (worn)
 k - a +0 helmet (worn)
Jewellery
 l - a +6 ring of dexterity (left hand)
Scrolls
 b - a scroll of identify
Potions
 a - a potion of mutation {unknown}
 d - a potion of enlightenment {unknown}
 g - a potion of brilliance {unknown}
 h - a potion of curing {unknown}

Dungeon Overview and Level Annotations

Branches:
Dungeon (3/15)

Altars:

Annotations:
D:3 Robin


Message History

The jackal bites you but does no damage.
The goblin barely misses you. The hobgoblin closely misses you.
Robin says, "Feeling lonely?"
The jackal bites you but does no damage.
The goblin hits you but does no damage.
1074 |||
Found retreat position at 1,0 (goblin; floor) with 0 blocking monsters and 2 monsters attacking at destination at distance 1 You shoot an arrow.
The arrow closely misses the goblin.
The jackal bites you but does no damage.
The hobgoblin hits you but does no damage.
The goblin hits you with a +0 dagger.
1075 |||
Found retreat position at 1,0 (goblin; floor) with 0 blocking monsters and 2 monsters attacking at destination at distance 1 You shoot an arrow.
The arrow hits the goblin!
You kill the goblin!
The jackal bites you but does no damage.
The hobgoblin hits you. The jackal misses you.
1076 |||
Found retreat position at 1,0 (floor) with 0 blocking monsters and 2 monsters attacking at destination at distance 1
1076 ||| Stepping ~*~*~tactically~*~*~ (retreating).
You see here a +0 dagger.
You shoot an arrow. The arrow hits the jackal.
You kill the jackal!
You shoot an arrow. The arrow hits the hobgoblin!
You kill the hobgoblin!
The hobgoblin no longer looks unusually strong.
Robin hits you with a +7 club.
You shoot an arrow. The arrow hits Robin.
Robin is lightly wounded.
Robin roars a battlecry!
The hobgoblin goes into a battle-frenzy!
1080 |||
Found retreat position at 1,0 (floor) with 0 blocking monsters and 2 monsters attacking at destination at distance 1
1080 ||| Stepping ~*~*~tactically~*~*~ (retreating).
You shoot an arrow.
The arrow hits Robin but does no damage.
Robin is lightly wounded.
Robin hits you but does no damage.
You shoot an arrow. The arrow closely misses Robin.
The arrow hits the hobgoblin but does no damage.
The hobgoblin no longer looks unusually strong.
Robin hits you with a +7 club.
You die...
Robin calls out, "Let's celebrate!
Time for a feast!" ##........

You could see Robin, 2 gnolls, a jackal and 2 hobgoblins.

Vanquished Creatures
  2 adders
  An endoplasm (D:1)
  10 goblins
  4 hobgoblins
  3 jackals
  3 ball pythons
  2 bats
  2 kobolds
27 creatures vanquished.

Notes
Turn   | Place    | Note
-------+----------+-------------------------------------------
     0 | D:1      | qw the Gargoyle Hunter began the quest for the Orb.
     0 | D:1      | Reached XP level 1. HP: 12/12 MP: 1/1
     0 | D:1      | 0 ||| qw: Version: 0.3-a-80-g6052c40
     0 | D:1      | 0 ||| qw: Game counter: 1332
     0 | D:1      | 0 ||| qw: Melee chars always use a shield: true
     0 | D:1      | 0 ||| qw: God list: Okawaru
     0 | D:1      | 0 ||| qw: Allow faded altars: false
     0 | D:1      | 0 ||| qw: Do Orc after clearing Dungeon:15 true
     0 | D:1      | 0 ||| qw: Do second Lair branch before Depths: true
     0 | D:1      | 0 ||| qw: Lair rune preference: random
     0 | D:1      | 0 ||| qw: Goals: Normal
     0 | D:1      | 0 ||| PLANNING D:1-11
   269 | D:1      | Reached XP level 2. HP: 17/17 MP: 2/2
   514 | D:1      | 514 ||| UPGRADING to +0 ring mail.
   524 | D:1      | 524 ||| DROPPING +0 leather armour.
   525 | D:1      | 525 ||| UPGRADING to +0 helmet.
   530 | D:1      | 530 ||| UPGRADING to +6 ring of dexterity.
   531 | D:1      | 531 ||| READING scroll labelled MEIDDO NEMP.
   536 | D:1      | 536 ||| READING scroll labelled ZYLAEGYSAST.
   537 | D:1      | 537 ||| READING scroll labelled ISHEOCK RORCH.
   538 | D:1      | 538 ||| DRINKING 2 fuming emerald potions.
   539 | D:1      | 539 ||| DROPPING scroll of butterflies.
   604 | D:2      | Reached skill level 1 in Armour
   787 | D:2      | Reached XP level 3. HP: 21/21 MP: 3/3
   923 | D:2      | 923 ||| READING scroll labelled KEEBRUGGOQ.
   924 | D:2      | 924 ||| DRINKING 2 fizzy clear potions.
   925 | D:2      | 925 ||| DROPPING potion of degeneration.
   975 | D:3      | 975 ||| STAIRDANCE
  1050 | D:3      | Noticed Robin
  1055 | D:3      | 1055 ||| Stepping ~*~*~tactically~*~*~ (retreating).
  1059 | D:3      | Reached skill level 5 in Ranged Weapons
  1059 | D:3      | 1059 ||| Stepping ~*~*~tactically~*~*~ (retreating).
  1061 | D:3      | HP: 4/21 [hobgoblin[Robin] (3)]
  1062 | D:3      | 1062 ||| DRINKING potion of heal wounds.
  1067 | D:3      | 1067 ||| Stepping ~*~*~tactically~*~*~ (retreating).
  1076 | D:3      | 1076 ||| Stepping ~*~*~tactically~*~*~ (retreating).
  1078 | D:3      | HP: 5/21 [Robin/+7 club (5)]
  1080 | D:3      | 1080 ||| Stepping ~*~*~tactically~*~*~ (retreating).
  1082 | D:3      | Slain by Robin

Levels and vault maps discovered:
D:1:      erik_arrival_cave_to_civilisation [erik_arrival_cave_to_hall],
          layout_rooms
D:2:      layout_basic
D:3:      layout_basic, uniq_sigmund, uniq_robin

Skill      XL: |  1  2  3 |
---------------+----------+-----
Armour         | 1 |  1.2
Ranged Weapons | 5 |  5.0
Fighting       | |  2.3
Dodging        | |  1.5
Stealth        | |  1.1

Action                     || total
---------------------------++-------
   Fire: Shortbow          ||    86
    Use: Scroll            ||     4
         Potion            ||     3
 Armour: Leather armour    ||     6
         Ring mail         ||    63
  Dodge: Dodged            ||    67

Table legend:
 A = Non-vault XP
 B = Vault XP
 C = Vault XP percentage of total XP
 D = Non-vault monster count
 E = Vault monster count
 F = Vault count percentage of total count
                 A         B        C        D         E       F
            +---------+---------+-------+---------+---------+-------
      Total |      50 |      16 |  24.2 |      17 |      10 |  37.0
            +---------+---------+-------+---------+---------+-------
        D:1 |      10 |       4 |  28.6 |       6 |       2 |  25.0
        D:2 |      21 |       0 |   0.0 |       6 |       0 |   0.0
        D:3 |      19 |      12 |  38.7 |       5 |       8 |  61.5
            +---------+---------+-------+---------+---------+-------
